 Dungeon Crawl Stone Soup version 0.30.0-29-ga12c61a403 (webtiles) character file.

Game seed: 2175035077330109195

4028 GimliDwarf the Spear-Bearer (level 10, -1/74 HPs)
             Began as a Gnoll Wanderer on June 17, 2023.
             Was an Initiate of Yredelemnul.
             Slain by a wraith (4 damage)
             ... on level 9 of the Dungeon.
             The game lasted 00:20:07 (5593 turns).

GimliDwarf the Spear-Bearer (Gnoll Wanderer)        Turns: 5593, Time: 00:20:07

Health: -1/74      AC:  7    Str: 21    XL:     10   Next: 24%
Magic:  17/17      EV: 12    Int:  8    God:    Yredelemnul [......]
Gold:   319        SH:  0    Dex: 10    Spells: 17/19 levels left

rFire   . . .        n - +0 scythe (venom)
rCold   . . .        (shield currently unavailable)
rNeg    . . .        d - +0 ring mail
rPois   .            q - +0 helmet
rElec   .            (no cloak)
rCorr   .            (no gloves)
SInv    .            (no boots)
Will    .....        (no amulet)
Stlth   ++           (no ring)
HPRegen 0.32/turn    (no ring)
MPRegen 0.15/turn

%: no passive effects
@: slowed, very slow
A: fangs 1, strong nose, distributed training
a: Renounce Religion, Recall Undead Harvest


You were on level 9 of the Dungeon.
You worshipped Yredelemnul.
Yredelemnul was noncommittal.
You visited 2 branches of the dungeon, and saw 9 of its levels.

You collected 341 gold pieces.
You spent 22 gold pieces at shops.

Inventory:

Hand Weapons
 a - a +2 dagger
 n - a +0 scythe of venom (weapon)
 t - the +2 flail of the Unkillable {freeze, rC+}
   (You found it on level 3 of the Dungeon)

   rC:        It protects you from cold.
Missiles
 c - 2 curare-tipped darts (quivered)
 m - 4 poisoned darts
Armour
 d - a +0 ring mail (worn)
 q - a +0 helmet (worn)
Jewellery
 w - a ring of poison resistance
Wands
 b - a wand of flame (27)
 f - a wand of quicksilver (6)
 r - a wand of polymorph (6)
 s - a wand of mindburst (10)
 y - a wand of charming (2)
Scrolls
 h - 2 scrolls of amnesia
 i - a scroll of blinking
 o - a scroll of poison
Potions
 e - a potion of lignification
 g - a potion of ambrosia {unknown}
 j - 2 potions of haste
 k - a potion of brilliance
 p - a potion of might
 u - a potion of flight


   Skills:
 + Level 5.3 Fighting
 + Level 5.3 Short Blades
 + Level 5.3 Long Blades
 + Level 5.3 Axes
 + Level 5.3 Maces & Flails
 + Level 11.6 Polearms
 + Level 5.3 Staves
 + Level 5.3 Ranged Weapons
 + Level 8.5 Throwing
 + Level 7.1 Armour
 + Level 5.3 Dodging
 + Level 5.3 Stealth
 + Level 5.3 Shields
 + Level 5.3 Unarmed Combat
 + Level 5.3 Spellcasting
 + Level 4.3 Conjurations
 + Level 4.3 Hexes
 + Level 4.3 Summonings
 + Level 4.3 Necromancy
 + Level 4.3 Translocations
 + Level 4.3 Transmutations
 + Level 4.3 Fire Magic
 + Level 4.3 Ice Magic
 + Level 4.3 Air Magic
 + Level 4.3 Earth Magic
 + Level 4.3 Poison Magic
 + Level 5.8 Invocations
 + Level 5.3 Evocations


You had 17 spell levels left.
You knew the following spells:

 Your Spells              Type           Power      Damage    Failure   Level
a - Searing Ray           Conj           18%        2d5       10%         2

Your spell library contained the following spells:

 Spells                   Type           Power      Damage    Failure   Level
 Magic Dart               Conj           36%        1d4       6%          1
 Cigotuvi's Dreadful Rot  Necr/Pois/Air  18%        N/A       10%         2
 Inner Flame              Hex/Fire       9%         N/A       19%         3
 Dispel Undead            Necr           9%         3d8       54%         4
 Flame Wave               Conj/Fire      9%         2d6       54%         4
 Fulminant Prism          Conj/Hex       4%         3d5       54%         4
 Sticky Flame             Conj/Fire      9%         2d3       54%         4
 Summon Forest            Summ/Tloc      4%         N/A       87%         5
 Summon Mana Viper        Hex/Summ       9%         N/A       87%         5
 Summon Cactus Giant      Summ           4%         N/A       100%        6
 Death Channel            Necr           Unusable   N/A       N/A         6

Dungeon Overview and Level Annotations

Branches:
Dungeon (7/15)             Temple (1/1) D:6

Altars:
Ashenzari
Elyvilon
Hepliaklqana
Kikubaaqudgha
Makhleb
Nemelex Xobeh
Okawaru
Ru
Sif Muna
Uskayaw
Wu Jian
Xom
Yredelemnul
Zin

Shops:
D:3 *   D:5 :

Portals:
Bailey: D:7


Innate Abilities, Weirdness & Mutations

You have very sharp teeth.
Your uncanny sense of smell can sniff out nearby items.
Your experience applies equally to all skills.


Message History

The wraith hits you but does no damage.
You barely miss the wraith.
The wraith is moderately damaged.
The wraith hits you.
You closely miss the wraith.
The wraith is moderately damaged.
The wraith hits you but does no damage.
You barely miss the wraith. Your bite misses the wraith.
The wraith is moderately damaged.
The wraith hits you. The wraith drains your vigour!
You feel yourself slow down.
You hit the wraith.
The wraith is moderately damaged.
The wraith hits you!
You are too injured to fight recklessly!
You are too injured to fight recklessly!
You slash the wraith! You bite the wraith, but do no damage.
The wraith is heavily damaged.
The wraith closely misses you.
You closely miss the wraith.
The wraith is heavily damaged.
The wraith hits you! The wraith misses you.
You hit the wraith but do no damage.
The wraith is heavily damaged.
The wraith barely misses you.
You slash the wraith!
The wraith is severely damaged.
You feel yourself speed up. The wraith hits you. The wraith hits you!
* * * LOW HITPOINT WARNING * * *
You barely miss the wraith.
The wraith is severely damaged.
The wraith hits you!
* * * LOW HITPOINT WARNING * * *
The wraith drains your vigour!
You feel yourself slow down.
You hit the wraith but do no damage. You bite the wraith, but do no damage.
The wraith is severely damaged.
The wraith hits you.
You die...
Your body rises from the dead as a mindless zombie.
P

... #.. ..$ .# .P....
#.###+###.# ....♣.♣
#.+.#.#.+.#
♣P.♣..P♣#.#.#.#.#.#
...⌠P..)).#)+('.#.h.
.♣.S...♣#)#.#.#.#.#..#
...♣Po♣ #.'.#.#.+.#h.#
.∆..P. #)###'###.# .#
....♣ #)W@).)...# #
###. #####.##### .
.... . #####


You could see a wraith.

Vanquished Creatures
  A two-headed ogre (D:9)
  Maggie (D:9)
  A kobold demonologist (D:9)
  A hornet (D:9)
  Sigmund (D:2)
  A steam dragon (D:3)
  2 water moccasins
  An orc warrior (D:9)
  A black bear (D:6)
  2 centaurs
  A phantom (D:5)
  2 kobold brigands
  2 gnoll sergeants
  2 bullfrogs
  6 scorpions
  4 wights (D:7)
  A killer bee (D:9)
  4 orc priests
  3 hounds
  A jelly (D:6)
  A gnoll bouda (D:7)
  A sleepcap (D:5)
  Jessica (D:2)
  3 iguanas
  5 orc wizards
  Robin (D:3)
  4 adders
  9 gnolls (D:7)
  A white imp (D:3)
  2 ufetubi
  3 worms
  5 dart slugs
  20 orcs
  5 endoplasms
  A giant cockroach (D:4)
  8 goblins
  4 hobgoblins
  11 jackals
  7 kobolds
  2 quokkas
  10 ball pythons
  4 bats
  6 frilled lizards
  3 rats
155 creatures vanquished.

Vanquished Creatures (collateral kills)
  A gnoll (D:7)
  An orc (D:7)
2 creatures vanquished.

Vanquished Creatures (others)
  A hornet zombie (D:9)
  A water moccasin zombie (D:9)
  A spectral human (D:9)
  A scorpion zombie (D:7)
  A killer bee zombie (D:9)
  5 gnoll zombies (D:7)
  A spectral ufetubus (D:7)
11 creatures vanquished.

Grand Total: 168 creatures vanquished

Notes
Turn   | Place    | Note
-------+----------+-------------------------------------------
     0 | D:1      | Reached skill level 10 in Polearms
     0 | D:1      | GimliDwarf the Gnoll Wanderer began the quest for the Orb.
     0 | D:1      | GimliDwarf set off with the following items: a +2 dagger, 4
                  | curare-tipped darts, a +0 spear, a +0 ring mail, a potion
                  | of lignification.
     0 | D:1      | Reached XP level 1. HP: 13/13 MP: 1/1
   229 | D:1      | Reached XP level 2. HP: 19/19 MP: 2/2
   620 | D:2      | Reached XP level 3. HP: 24/25 MP: 3/3
   673 | D:2      | Noticed Jessica
   675 | D:2      | Killed Jessica
   676 | D:2      | Reached skill level 1 in Fighting
   676 | D:2      | Reached skill level 1 in Short Blades
   676 | D:2      | Reached skill level 1 in Long Blades
   676 | D:2      | Reached skill level 1 in Axes
   676 | D:2      | Reached skill level 1 in Maces & Flails
   676 | D:2      | Reached skill level 1 in Staves
   676 | D:2      | Reached skill level 1 in Ranged Weapons
   676 | D:2      | Reached skill level 1 in Dodging
   676 | D:2      | Reached skill level 1 in Stealth
   676 | D:2      | Reached skill level 1 in Shields
   676 | D:2      | Reached skill level 1 in Unarmed Combat
   676 | D:2      | Reached skill level 1 in Spellcasting
   676 | D:2      | Reached skill level 1 in Invocations
   676 | D:2      | Reached skill level 1 in Evocations
   743 | D:2      | Reached XP level 4. HP: 32/32 MP: 5/5
   836 | D:2      | Noticed Sigmund
   846 | D:2      | Killed Sigmund
   847 | D:2      | Reached skill level 1 in Conjurations
   847 | D:2      | Reached skill level 1 in Hexes
   847 | D:2      | Reached skill level 1 in Summonings
   847 | D:2      | Reached skill level 1 in Necromancy
   847 | D:2      | Reached skill level 1 in Translocations
   847 | D:2      | Reached skill level 1 in Transmutations
   847 | D:2      | Reached skill level 1 in Fire Magic
   847 | D:2      | Reached skill level 1 in Ice Magic
   847 | D:2      | Reached skill level 1 in Air Magic
   847 | D:2      | Reached skill level 1 in Earth Magic
   847 | D:2      | Reached skill level 1 in Poison Magic
   847 | D:2      | Reached XP level 5. HP: 33/38 MP: 5/7
  1160 | D:2      | Reached XP level 6. HP: 44/44 MP: 8/8
  1315 | D:3      | Found a white marble altar of Elyvilon.
  1509 | D:3      | Found Buoplaqu's General Store.
  1509 | D:3      | Noticed a steam dragon
  1519 | D:3      | Killed a steam dragon
  1520 | D:3      | Reached skill level 5 in Armour
  1544 | D:3      | Identified the +2 flail of the Unkillable {freeze, rC+}
  1573 | D:3      | Bought a scroll of identify for 22 gold pieces
  1664 | D:3      | Noticed Robin
  1702 | D:3      | Killed Robin
  2464 | D:4      | Reached XP level 7. HP: 35/51 MP: 10/10
  3157 | D:5      | Entered Level 5 of the Dungeon
  3478 | D:5      | Reached XP level 8. HP: 56/58 MP: 12/12
  3793 | D:5      | Found Potweaw's Book Emporium.
  4042 | D:6      | Reached skill level 11 in Polearms
  4457 | D:6      | Found a staircase to the Ecumenical Temple.
  4465 | Temple   | Entered the Ecumenical Temple
  4670 | Temple   | Became a worshipper of Yredelemnul the Dark
  4891 | D:6      | Found a faded altar of an unknown god.
  4892 | D:6      | Found a hazy altar of Hepliaklqana.
  4934 | D:7      | Reached XP level 9. HP: 53/65 MP: 14/14
  5009 | D:7      | Found a flagged portal.
  5032 | D:7      | Reached * piety under Yredelemnul
  5041 | D:7      | Reached ** piety under Yredelemnul
  5057 | D:7      | Learned a level 2 spell: Searing Ray
  5131 | D:7      | Identified the +1 halberd "Dioti Dyghoe" {holy, Dex+2}
  5287 | D:7      | You fall into a shaft and drop 2 floors!
  5288 | D:9      | Noticed a hornet
  5424 | D:9      | Noticed Maggie
  5427 | D:9      | Reached skill level 5 in Invocations
  5439 | D:9      | Killed Maggie
  5440 | D:9      | Noticed a two-headed ogre
  5444 | D:9      | Your ally Maggie died
  5462 | D:9      | Killed a two-headed ogre
  5463 | D:9      | Reached skill level 5 in Fighting
  5463 | D:9      | Reached skill level 5 in Short Blades
  5463 | D:9      | Reached skill level 5 in Long Blades
  5463 | D:9      | Reached skill level 5 in Axes
  5463 | D:9      | Reached skill level 5 in Maces & Flails
  5463 | D:9      | Reached skill level 5 in Staves
  5463 | D:9      | Reached skill level 5 in Ranged Weapons
  5463 | D:9      | Reached skill level 5 in Dodging
  5463 | D:9      | Reached skill level 5 in Stealth
  5463 | D:9      | Reached skill level 5 in Shields
  5463 | D:9      | Reached skill level 5 in Unarmed Combat
  5463 | D:9      | Reached skill level 5 in Spellcasting
  5463 | D:9      | Reached skill level 5 in Evocations
  5463 | D:9      | Reached XP level 10. HP: 19/74 MP: 17/17
  5556 | D:9      | Noticed a kobold demonologist
  5565 | D:9      | Killed a kobold demonologist
  5592 | D:9      | HP: 3/74 [wraith (12)]
  5593 | D:9      | Slain by a wraith

Illustrated notes

Levels and vault maps discovered:
D:1:      dpeg_arrival_lava_temple_mockup, layout_basic
D:2:      layout_loops_cross, uniq_sigmund, uniq_jessica
D:3:      layout_basic, elyvilon_altar_4, serial_shops, shop, uniq_robin
D:4:      layout_gridville
D:5:      layout_basic, serial_shops, nicolae_book_shop_shelving
D:6:      layout_loops_cross, beargit_hepliaklqana_dungeon_heroes,
          minmay_temple_entry_proselytizer
D:7:      layout_rooms, grunt_dithmenos_smoke, nicolae_gozag_seed_capital,
          jmf_multi_god_temple2, enter_bailey_2, uniq_crazy_yiuf_cottage
D:9:      minmay_the_grid_3x3 [minmay_the_grid_gridbox, minmay_the_grid_garden,
          minmay_the_grid_doors, minmay_the_grid_empty,
          minmay_the_grid_outer_circle, minmay_the_grid_pillar_ring,
          minmay_the_grid_rooms, minmay_the_grid_paths,
          minmay_the_grid_prize_big_room], layout_loops_ring, fedhas_altar_1,
          kennysheep_mini_moat, amethyst_killhole, uniq_maggie
Temple:   nicolae_temple_slightly_damp_pantheon

Skill      XL: |  1  2  3  4  5  6  7  8  9 10 |
---------------+-------------------------------+-----
Polearms       | 11 | 11.6
Fighting       | 1 2 3 5 |  5.3
Short Blades   | 1 2 3 5 |  5.3
Long Blades    | 1 2 3 5 |  5.3
Axes           | 1 2 3 5 |  5.3
Maces & Flails | 1 2 3 5 |  5.3
Staves         | 1 2 3 5 |  5.3
Ranged Weapons | 1 2 3 5 |  5.3
Dodging        | 1 2 3 5 |  5.3
Stealth        | 1 2 3 5 |  5.3
Shields        | 1 2 3 5 |  5.3
Unarmed Combat | 1 2 3 5 |  5.3
Spellcasting   | 1 2 3 5 |  5.3
Invocations    | 1 2 3 4 5 |  5.8
Evocations     | 1 2 3 5 |  5.3
Conjurations   | 1 2 3 4 |  4.3
Hexes          | 1 2 3 4 |  4.3
Summonings     | 1 2 3 4 |  4.3
Necromancy     | 1 2 3 4 |  4.3
Translocations | 1 2 3 4 |  4.3
Transmutations | 1 2 3 4 |  4.3
Fire Magic     | 1 2 3 4 |  4.3
Ice Magic      | 1 2 3 4 |  4.3
Air Magic      | 1 2 3 4 |  4.3
Earth Magic    | 1 2 3 4 |  4.3
Poison Magic   | 1 2 3 4 |  4.3
Armour         | 5 6 7 |  7.1
Throwing       | 7 8 |  8.5

Action                     |  1- 3 |  4- 6 |  7- 9 | 10-12 || total
---------------------------+-------+-------+-------+-------++-------
  Melee: Dagger            |   104 |       |       |       ||   104
         Bite              |     5 |     4 |    23 |     3 ||    35
         Punch             |     1 |     1 |       |       ||     2
         Halberd           |       |    69 |   277 |    39 ||   385
         Flail             |       |    49 |       |       ||    49
  Throw: Dart              |     4 |    10 |     2 |       ||    16
  Evoke: Wand              |       |     3 |     5 |       ||     8
    Use: Scroll            |       |     8 |     9 |       ||    17
         Potion            |       |       |     3 |       ||     3
   Stab: Sleeping          |       |     2 |     6 |       ||     8
         Distracted        |       |     1 |       |       ||     1
 Armour: Ring mail         |    45 |    48 |    83 |     3 ||   179
         Skin              |       |       |     2 |     5 ||     7
  Dodge: Dodged            |    66 |    64 |   130 |     6 ||   266
